 Dungeon Crawl Stone Soup version 0.18-a0-33-g9e10395 (webtiles) character file.

43 Kemay the Changer (level 3, -5/23 HPs)
             Began as an Octopode Transmuter on Nov 5, 2015.
             Slain by a gnoll
             ... wielding a +0 flail
              (13 damage)
             ... on level 2 of the Dungeon.
             The game lasted 00:04:51 (1840 turns).

Kemay the Changer (Octopode Transmuter)             Turns: 1840, Time: 00:04:51

Health: -5/23      AC:  1    Str:  9    XL:     3   Next: 58%
Magic:  6/6        EV: 12    Int: 15    God:
Gold:   146        SH:  0    Dex: 13    Spells: 2 memorised, 2 levels left

rFire  . . .     SeeInvis .     e - +2 dagger (venom)
rCold  . . .     Clarity  .     (no shield)
rNeg   . . .     SustAt   .     (helmet restricted)
rPois  .         Gourm    .     (no amulet)
rElec  .         Spirit   .     (no ring)
rCorr  .         Warding  .     (no ring)
rMut   .         Stasis   .     (no ring)
MR     .....                    (no ring)
Stlth  ++........               (no ring)
                                (no ring)
                                (no ring)
                                (no ring)

@: not resistant to hostile enchantments, unstealthy
A: almost no armour, amphibious, 8 rings, constrict 8, camouflage 1, gelatinous
body 1
a: no special abilities


You were on level 2 of the Dungeon.
You were not hungry.

You visited 1 branch of the dungeon, and saw 2 of its levels.

You collected 146 gold pieces.

Inventory:

Hand Weapons
 e - a +2 dagger of venom (weapon)
Missiles
 a - 12 arrows
 d - 7 poisoned arrows
Potions
 f - a potion of might {unknown}
 g - a potion of curing {unknown}
 h - a potion of brilliance {unknown}
 j - a potion of magic {unknown}
Books
 b - a book of Changes

   Spells                             Type                      Level
   a - Beastly Appendage              Transmutation                1
   b - Sticks to Snakes               Transmutation                2
   c - Spider Form                    Transmutation/Poison         3
   d - Ice Form                       Ice/Transmutation            4
   e - Blade Hands                    Transmutation                5
Comestibles
 c - a bread ration
 k - 2 fruits
 l - a meat ration
 m - a chunk of flesh


   Skills:
 - Level 1.0 Fighting
 - Level 2.0 Dodging
 - Level 3.0 Unarmed Combat
 - Level 2.0 Spellcasting
 + Level 3.7 Transmutations
 + Level 0.5 Poison Magic


You had 2 spell levels left.
You knew the following spells:

 Your Spells              Type           Power        Failure   Level  Hunger
a - Beastly Appendage     Trmt           ##....       6%          1    #......
b - Spider Form           Trmt/Pois      #.........   30%         3    ###....


Dungeon Overview and Level Annotations

Branches:
Dungeon (2/15)

Altars:
Fedhas

Annotations:
D:2 exclusion: oklob plant


Innate Abilities, Weirdness & Mutations

You cannot wear most types of armour.
You are amphibious.
You can wear up to eight rings at the same time.
You can use your tentacles to constrict eight enemies at once.
Your skin changes colour to match your surroundings (Stealth).
Your rubbery body absorbs attacks (AC +1).


Message History

There is an escape hatch in the floor here.
Some of the chunks of flesh in your inventory have rotted away.
You open the door.
A gnoll comes into view. It is wielding a flail.
The gnoll shouts!
You hit the gnoll.
The gnoll is poisoned.
Your grab misses the gnoll. Your squeeze misses the gnoll.
The gnoll is lightly wounded.
The gnoll hits you with a flail!
Ouch! That really hurt!
You hit the gnoll but do no damage.
The gnoll looks even sicker.
You grab the gnoll.
The gnoll is lightly wounded.
You constrict the gnoll, but do no damage.
The gnoll barely misses you.
You hit the gnoll.
The gnoll is heavily wounded.
You constrict the gnoll. The gnoll hits you with a flail!
Ouch! That really hurt!
You die...

..# ##.#.# ###
#.........####....####
+.........'.......)...
.........####....####
....... ##..#.# .....
###..# ... ##.# #g# #.#
#@# #.# #.######## #.#
..# ##.#......# #.#
###... ##....####.# #.#
..... #.....# #.# #.#
#... ##....####.#####.#
#...#####.#.#..........#
#.............##.#######
.#..#..#.#.####.#


You could see a gnoll.

Vanquished Creatures
  A gnoll (D:1)
  A worm (D:2)
  6 bats
  2 giant cockroaches
  7 goblins
  3 hobgoblins
  4 kobolds (D:1)
  2 quokkas (D:2)
  A giant newt (D:1)
  6 rats
33 creatures vanquished.

Notes
Turn   | Place    | Note
--------------------------------------------------------------
     0 | D:1      | Kemay the Octopode Transmuter began the quest for the Orb.
     0 | D:1      | Reached XP level 1. HP: 13/13 MP: 3/3
   103 | D:1      | Reached XP level 2. HP: 13/18 MP: 3/5
   656 | D:1      | Reached XP level 3. HP: 6/23 MP: 4/6
  1205 | D:2      | Learned a level 3 spell: Spider Form
  1270 | D:2      | Found a blossoming altar of Fedhas.
  1282 | D:2      | Noticed an oklob plant
  1641 | D:2      | Found a faded altar to an unknown god.
  1840 | D:2      | Slain by a gnoll

Vault maps used:
D:1:      dpeg_arrival_tiny_a
D:2:      tgw_fedhas, ecumenical_altar_1, uniq_jessica

Action                   || total
-------------------------++-------
Melee: Unarmed           ||    21
       Dagger            ||    52
 Cast: Beastly Appendage ||     6
  Use: Scroll            ||     3
 Stab: Sleeping          ||     4
  Eat: Chunk             ||     3
